TOP OF THE 1ST |
Tennessee Smokies batting - Pitching for Mississippi Braves : LHP Eduardo Baez
|
Pitching: LHP Eduardo Baez
|
|
Batting: RHB Eric Wiss
|
0-0: SINGLE (Groundball, 56S, EV 73.1 MPH) (infield hit)
|
Batting: LHB Kwang-chih Men
|
0-0: Called Strike Eric Wiss steals 2nd base 0-1: Ball 1-1: Ground out 4-3 (Groundball, 4, EV 109.4 MPH) Eric Wiss to third
|
Batting: SHB Gabriel Cruz
|
0-0: Swinging Strike 0-1: Ball 1-1: Swinging Strike 1-2: Strikes out swinging
|
Batting: RHB Ricardo Aguinaga
|
0-0: Called Strike 0-1: Fly out, F7 (Line Drive, 7LD, EV 107.5 MPH)
|
Top of the 1st over - 0 runs, 1 hit, 0 errors, 1 left on base; Tennessee 0 - Mississippi 0 |
BOTTOM OF THE 1ST |
Mississippi Braves batting - Pitching for Tennessee Smokies : LHP Jose Urena
|
Pitching: LHP Jose Urena
|
|
Batting: RHB Edgar Castillo
|
0-0: Ball 1-0: Ground out 5-3 (Groundball, 5, EV 85.0 MPH)
|
Batting: RHB Alex Velasquez
|
0-0: Ball 1-0: Ball 2-0: Called Strike 2-1: SOLO HOME RUN (Flyball, 7LD, EV 90.6 MPH), Distance : 352 ft
|
Batting: RHB Corey Dalton
|
0-0: Called Strike 0-1: Ball 1-1: Ball 2-1: SINGLE (Line Drive, 34D, EV 94.4 MPH)
|
Batting: SHB Bob Morales
|
0-0: Foul Ball, location: 2F 0-1: Ball 1-1: Swinging Strike 1-2: Foul Ball, location: 2F 1-2: Strikes out swinging
|
Batting: LHB Art D'Ascenzo
|
0-0: Ball 1-0: Called Strike 1-1: Called Strike 1-2: Strikes out swinging
|
Bottom of the 1st over - 1 run, 2 hits, 0 errors, 1 left on base; Tennessee 0 - Mississippi 1 |
TOP OF THE 2ND |
Tennessee Smokies batting - Pitching for Mississippi Braves : LHP Eduardo Baez
|
Batting: SHB Nick Chandler
|
0-0: Foul Ball, location: 2F 0-1: Fly out, F8 (Flyball, 89S, EV 82.5 MPH)
|
Batting: RHB Puluke Konane
|
0-0: Foul Ball, location: 2F 0-1: Ground out 4-3 (Groundball, 4, EV 86.2 MPH)
|
Batting: RHB Andy Huntley
|
0-0: Ball 1-0: Ball 2-0: Fly out, F9 (Flyball, 9LS, EV 81.9 MPH)
|
Top of the 2nd over - 0 runs, 0 hits, 0 errors, 0 left on base; Tennessee 0 - Mississippi 1 |
BOTTOM OF THE 2ND |
Mississippi Braves batting - Pitching for Tennessee Smokies : LHP Jose Urena
|
Batting: SHB Jamie Roberts
|
0-0: Ground out 6-3 (Groundball, 6, EV 81.9 MPH)
|
Batting: LHB Ryan Murdock
|
0-0: Called Strike 0-1: Foul Ball, location: 2F 0-2: Ball 1-2: Ball 2-2: Ball 3-2: Base on Balls
|
Batting: LHB Oke Monti
|
0-0: Called Strike 0-1: Ball 1-1: Foul Ball, location: 2F 1-2: Strikes out swinging
|
Batting: RHB Adrian Billups
|
0-0: Foul Ball, location: 2F 0-1: Fielders Choice at 2nd, 5-4 (Groundball, 56, EV 87.5 MPH)
|
Bottom of the 2nd over - 0 runs, 0 hits, 0 errors, 1 left on base; Tennessee 0 - Mississippi 1 |
TOP OF THE 3RD |
Tennessee Smokies batting - Pitching for Mississippi Braves : LHP Eduardo Baez
|
Batting: LHB Wing-tat Tai
|
0-0: Ball 1-0: Ball 2-0: Ball 3-0: SINGLE (Groundball, 56S, EV 66.2 MPH) (infield hit)
|
Batting: LHB Adam Conover
|
0-0: Called Strike 0-1: Called Strike 0-2: Strikes out swinging
|
Batting: RHB Eric Wiss
|
0-0: Called Strike 0-1: SINGLE (Line Drive, 34D, EV 100.6 MPH) Wing-tat Tai to second
|
Batting: LHB Kwang-chih Men
|
0-0: Ball 1-0: Called Strike 1-1: Swinging Strike 1-2: Ball 2-2: Ball 3-2: Ground out U3 (Groundball, 3S, EV 71.9 MPH) Wing-tat Tai to third Eric Wiss to second
|
Batting: SHB Gabriel Cruz
|
0-0: Called Strike 0-1: Ball 1-1: Ball 2-1: Foul Ball, location: 2F 2-2: Ball 3-2: Foul Ball, location: 2F 3-2: Ground out 6-3 (Groundball, 6M, EV 93.1 MPH)
|
Top of the 3rd over - 0 runs, 2 hits, 0 errors, 2 left on base; Tennessee 0 - Mississippi 1 |
BOTTOM OF THE 3RD |
Mississippi Braves batting - Pitching for Tennessee Smokies : LHP Jose Urena
|
Batting: RHB Edgar Castillo
|
0-0: Ball 1-0: SINGLE (Line Drive, 9S, EV 91.9 MPH)
|
Batting: RHB Alex Velasquez
|
0-0: Called Strike 0-1: Ball 1-1: Foul Ball, location: 2F 1-2: SINGLE (Line Drive, 9S, EV 103.8 MPH) Edgar Castillo to second
|
Batting: RHB Corey Dalton
|
0-0: Foul Ball, location: 2F 0-1: Ball 1-1: Foul Ball, location: 2F 1-2: Strikes out swinging
|
Batting: SHB Bob Morales
|
0-0: Called Strike 0-1: Foul Ball, location: 2F 0-2: Fly out, F8 (Flyball, 8LS, EV 83.1 MPH)
|
Batting: LHB Art D'Ascenzo
|
0-0: Ball 1-0: Called Strike 1-1: Ball 2-1: SINGLE (Line Drive, 6D, EV 108.8 MPH) Edgar Castillo to third Alex Velasquez to second Runner from 3rd tries for Home, SAFE, throw by CF to home
|
Batting: SHB Jamie Roberts
|
0-0: SINGLE (Line Drive, 78S, EV 103.1 MPH) Alex Velasquez to third Art D'Ascenzo to second
|
Batting: LHB Ryan Murdock
|
0-0: Fly out, F7 (Line Drive, 7, EV 93.1 MPH)
|
Bottom of the 3rd over - 1 run, 4 hits, 0 errors, 3 left on base; Tennessee 0 - Mississippi 2 |
TOP OF THE 4TH |
Tennessee Smokies batting - Pitching for Mississippi Braves : LHP Eduardo Baez
|
Batting: RHB Ricardo Aguinaga
|
0-0: Ball 1-0: Swinging Strike 1-1: Foul Ball, location: 2F 1-2: Ball 2-2: Ground out 4-3 (Groundball, 4, EV 88.1 MPH)
|
Batting: SHB Nick Chandler
|
0-0: Called Strike 0-1: Swinging Strike 0-2: Strikes out swinging
|
Batting: RHB Puluke Konane
|
0-0: Ball 1-0: Called Strike 1-1: Ball 2-1: Fly out, F7 (Line Drive, 78M, EV 87.5 MPH)
|
Top of the 4th over - 0 runs, 0 hits, 0 errors, 0 left on base; Tennessee 0 - Mississippi 2 |
BOTTOM OF THE 4TH |
Mississippi Braves batting - Pitching for Tennessee Smokies : LHP Jose Urena
|
Batting: LHB Oke Monti
|
0-0: Foul Ball, location: 2F 0-1: SOLO HOME RUN (Flyball, 9D, EV 98.8 MPH), Distance : 383 ft
|
Batting: RHB Adrian Billups
|
0-0: Called Strike 0-1: Ball 1-1: Foul Ball, location: 2F 1-2: Strikes out swinging
|
Batting: RHB Edgar Castillo
|
0-0: Ball 1-0: Ball 2-0: Foul Ball, location: 2F 2-1: Foul Ball, location: 2F 2-2: Fly out, F7 (Flyball, 78D, EV 90.6 MPH)
|
Batting: RHB Alex Velasquez
|
0-0: DOUBLE (Line Drive, 9LM, EV 105.0 MPH)
|
Batting: RHB Corey Dalton
|
0-0: Called Strike 0-1: Foul Ball, location: 2F 0-2: Ball 1-2: Ground out 5-3 (Groundball, 56, EV 76.9 MPH)
|
Bottom of the 4th over - 1 run, 2 hits, 0 errors, 1 left on base; Tennessee 0 - Mississippi 3 |
TOP OF THE 5TH |
Tennessee Smokies batting - Pitching for Mississippi Braves : LHP Eduardo Baez
|
Batting: RHB Andy Huntley
|
0-0: Foul Ball, location: 2F 0-1: Ball 1-1: Swinging Strike 1-2: Strikes out swinging
|
Batting: LHB Wing-tat Tai
|
0-0: Ball 1-0: Foul Ball, location: 2F 1-1: Fly out, F5 (Popup, 6, EV 60.0 MPH)
|
Batting: LHB Adam Conover
|
0-0: Ball 1-0: Foul Ball, location: 2F 1-1: Ground out 6-3 (Groundball, 6M, EV 85.6 MPH)
|
Top of the 5th over - 0 runs, 0 hits, 0 errors, 0 left on base; Tennessee 0 - Mississippi 3 |
BOTTOM OF THE 5TH |
Mississippi Braves batting - Pitching for Tennessee Smokies : LHP Jose Urena
|
Pitching: RHP Jake Newman
|
|
Batting: SHB Bob Morales
|
0-0: Called Strike 0-1: Called Strike 0-2: Ball 1-2: Foul Ball, location: 2F 1-2: Strikes out looking
|
Batting: LHB Art D'Ascenzo
|
0-0: Ball 1-0: Called Strike 1-1: Foul Ball, location: 2F 1-2: Foul Ball, location: 2F 1-2: Strikes out swinging
|
Batting: SHB Jamie Roberts
|
0-0: SINGLE (Groundball, 4MS, EV 76.9 MPH) (infield hit)
|
Batting: LHB Ryan Murdock
|
0-0: Ball 1-0: Swinging Strike 1-1: Swinging Strike 1-2: SINGLE (Groundball, 4M, EV 92.5 MPH) (infield hit) Jamie Roberts to second
|
Batting: LHB Oke Monti
|
0-0: SINGLE (Groundball, 4MD, EV 104.4 MPH) Jamie Roberts to third Ryan Murdock to second Runner from 3rd tries for Home, SAFE, throw by CF to home
|
Batting: RHB Adrian Billups
|
0-0: Called Strike 0-1: Swinging Strike 0-2: Strikes out swinging
|
Bottom of the 5th over - 1 run, 3 hits, 0 errors, 2 left on base; Tennessee 0 - Mississippi 4 |
TOP OF THE 6TH |
Tennessee Smokies batting - Pitching for Mississippi Braves : LHP Eduardo Baez
|
Batting: RHB Eric Wiss
|
0-0: Fly out, F7 (Flyball, 7, EV 83.8 MPH)
|
Batting: LHB Kwang-chih Men
|
0-0: Foul Ball, location: 2F 0-1: Ball 1-1: Called Strike 1-2: SOLO HOME RUN (Flyball, 9D, EV 95.6 MPH), Distance : 374 ft
|
Batting: SHB Gabriel Cruz
|
0-0: Ball 1-0: Ball 2-0: Ball 3-0: Base on Balls
|
Batting: RHB Ricardo Aguinaga
|
Pickoff Throw to First - Out! 1-3 0-0: Swinging Strike 0-1: Called Strike 0-2: Strikes out swinging
|
Top of the 6th over - 1 run, 1 hit, 0 errors, 0 left on base; Tennessee 1 - Mississippi 4 |
BOTTOM OF THE 6TH |
Mississippi Braves batting - Pitching for Tennessee Smokies : RHP Jake Newman
|
Batting: RHB Edgar Castillo
|
0-0: Ball 1-0: Called Strike 1-1: Ball 2-1: Ball 3-1: Swinging Strike 3-2: Base on Balls
|
Batting: RHB Alex Velasquez
|
0-0: Ball Edgar Castillo steals 2nd, throwing error, E2 Edgar Castillo to third 1-0: Ball 2-0: Called Strike 2-1: Swinging Strike 2-2: Foul Ball, location: 2F 2-2: Foul Ball, location: 2F 2-2: Ball 3-2: Base on Balls
|
Batting: RHB Corey Dalton
|
0-0: Ball 1-0: Ball Alex Velasquez is caught stealing 2nd base 2-4 2-0: Fly out, F8 (Line Drive, 8LM, EV 91.9 MPH) Runner from 3rd tags up, SCORES, throw by CF
|
Batting: SHB Bob Morales
|
0-0: Ball 1-0: Ball 2-0: Ball 3-0: DOUBLE (Line Drive, 8RXD, EV 109.4 MPH)
|
Pitching: RHP Devin Ward
|
|
Batting: LHB Art D'Ascenzo
|
0-0: DOUBLE (Flyball, 89XD, EV 110.6 MPH) Bob Morales scores
|
Batting: SHB Jamie Roberts
|
0-0: Called Strike 0-1: Ball 1-1: Ball 2-1: Swinging Strike 2-2: Ground out U3 (Groundball, 3, EV 105.0 MPH)
|
Bottom of the 6th over - 2 runs, 2 hits, 1 error, 1 left on base; Tennessee 1 - Mississippi 6 |
TOP OF THE 7TH |
Tennessee Smokies batting - Pitching for Mississippi Braves : LHP Eduardo Baez
|
Batting: SHB Nick Chandler
|
0-0: Swinging Strike 0-1: Ball 1-1: Ball 2-1: Foul Ball, location: 2F 2-2: Ground out 4-3 (Groundball, 4, EV 80.6 MPH)
|
Batting: RHB Puluke Konane
|
0-0: Called Strike 0-1: Ground out 6-3 (Groundball, 56, EV 98.1 MPH)
|
Batting: RHB Andy Huntley
|
0-0: Called Strike 0-1: Ball 1-1: Foul Ball, location: 2F 1-2: Ball 2-2: SINGLE (Groundball, 4D, EV 106.9 MPH)
|
Batting: LHB Wing-tat Tai
|
0-0: Called Strike 0-1: Foul Ball, location: 2F 0-2: Ball 1-2: Ball 2-2: Foul Ball, location: 2F 2-2: Ball 3-2: SINGLE (Flyball, 3D, EV 81.2 MPH) Andy Huntley to second Andy Huntley to third
|
Pitching: RHP Frank Diaz
|
|
Batting: LHB Adam Conover
|
0-0: Ball 1-0: Called Strike 1-1: Ball 2-1: Ball 3-1: Fly out, F6 (Popup, 15S, EV 86.2 MPH)
|
Top of the 7th over - 0 runs, 2 hits, 0 errors, 2 left on base; Tennessee 1 - Mississippi 6 |
BOTTOM OF THE 7TH |
Mississippi Braves batting - Pitching for Tennessee Smokies : RHP Devin Ward
|
Batting: LHB Ryan Murdock
|
0-0: Called Strike 0-1: Foul Ball, location: 2F 0-2: Foul Ball, location: 2F 0-2: Ground out U3 (Groundball, 34, EV 81.2 MPH)
|
Batting: LHB Oke Monti
|
0-0: SINGLE (Groundball, 34D, EV 108.8 MPH)
|
Batting: RHB Adrian Billups
|
0-0: Ball 1-0: Swinging Strike 1-1: Ball 2-1: Swinging Strike 2-2: Ball 3-2: Grounds into double play, 4-6-3 (Groundball, 4, EV 88.8 MPH)
|
Bottom of the 7th over - 0 runs, 1 hit, 0 errors, 0 left on base; Tennessee 1 - Mississippi 6 |
TOP OF THE 8TH |
Tennessee Smokies batting - Pitching for Mississippi Braves : RHP Frank Diaz
|
Batting: RHB Eric Wiss
|
0-0: Swinging Strike 0-1: Called Strike 0-2: Strikes out swinging
|
Batting: LHB Kwang-chih Men
|
0-0: Ball 1-0: Called Strike 1-1: Ground out 4-3 (Groundball, 34, EV 101.9 MPH)
|
Batting: SHB Gabriel Cruz
|
0-0: SOLO HOME RUN (Flyball, 8LXD, EV 99.4 MPH), Distance : 407 ft
|
Batting: RHB Ricardo Aguinaga
|
0-0: Ground out U3 (Groundball, 3, EV 82.5 MPH)
|
Top of the 8th over - 1 run, 1 hit, 0 errors, 0 left on base; Tennessee 2 - Mississippi 6 |
BOTTOM OF THE 8TH |
Mississippi Braves batting - Pitching for Tennessee Smokies : RHP Devin Ward
|
Batting: RHB Edgar Castillo
|
0-0: Called Strike 0-1: Foul Ball, location: 2F 0-2: Ball 1-2: Ball 2-2: Ground out 4-3 (Groundball, 4, EV 91.9 MPH)
|
Batting: RHB Alex Velasquez
|
SINGLE, rundown, out at 1st!
|
Batting: RHB Corey Dalton
|
0-0: Swinging Strike 0-1: Ball 1-1: Ball 2-1: Foul Ball, location: 2F 2-2: Ball 3-2: DOUBLE (Line Drive, 89XD, EV 101.9 MPH)
|
Batting: SHB Bob Morales
|
0-0: Called Strike 0-1: Ground out 4-3 (Groundball, 4M, EV 81.2 MPH)
|
Bottom of the 8th over - 0 runs, 2 hits, 0 errors, 1 left on base; Tennessee 2 - Mississippi 6 |
TOP OF THE 9TH |
Tennessee Smokies batting - Pitching for Mississippi Braves : RHP Frank Diaz
|
Now at 1B: Jamie Roberts
|
|
Now at 2B: Ingidayehu Lagat
|
|
Batting: SHB Nick Chandler
|
0-0: Ground out 4-3 (Groundball, 4, EV 85.6 MPH)
|
Batting: RHB Puluke Konane
|
0-0: DOUBLE (Line Drive, 9LS, EV 111.9 MPH)
|
Batting: RHB Andy Huntley
|
0-0: Ball 1-0: Ball 2-0: Called Strike 2-1: SINGLE (Line Drive, 7S, EV 93.8 MPH) Puluke Konane to third
|
Pitching: RHP Brendan Graham
|
|
Batting: LHB Wing-tat Tai
|
0-0: Ball 1-0: Ball 2-0: Foul Ball, location: 2F 2-1: Swinging Strike 2-2: Fielders Choice at 2nd, 6-4 (Groundball, 6D, EV 78.8 MPH) Puluke Konane scores
|
Batting: LHB Adam Conover
|
0-0: Swinging Strike 0-1: Foul Ball, location: 2F 0-2: Ball 1-2: DOUBLE (Groundball, 3L, EV 94.4 MPH) Wing-tat Tai to third
|
Batting: RHB Eric Wiss
|
0-0: DOUBLE (Groundball, 5L, EV 96.9 MPH) Wing-tat Tai scores Adam Conover scores
|
Batting: LHB Kwang-chih Men
|
0-0: Ground out 6-3 (Groundball, 6, EV 85.0 MPH)
|
Top of the 9th over - 3 runs, 4 hits, 0 errors, 1 left on base; Tennessee 5 - Mississippi 6 |
|